Map: Catalyst LE

Players

RAIL

  • Race: Protoss Protoss
  • Spawn Location: 11:00

SouLeer - Winner!

  • Race: Zerg Zerg
  • Spawn Location: 5:00

Event: WCS Leipzig 2018

VOD

Have the link to the VOD?

Description

Time

  • Played on: Jan. 26, 2018, 7:50 a.m.
  • Length: 8:15

All games in this series

Show
View Real Time Build Order
Export as new Build Order

RAIL Protoss 

Build Orders: 1 Gate Expand, Oracle Opening, Phoenix Opening 

Get SALT Encoding   

  12  0:00  Probe  
  13  0:13  Probe  
  14  0:18  Pylon  
  14  0:25  Probe (Chrono Boost)  
  15  0:37  Probe (Chrono Boost)  
  15  0:38  Gateway  
  16  0:45  Probe (Chrono Boost)  
  16  0:47  Assimilator  
  17  0:51  Probe  
  18  1:03  Probe  
  19  1:21  Nexus  
  19  1:31  Cybernetics Core  
  19  1:34  Probe  
  20  1:41  Assimilator  
  20  1:46  Probe  
  21  1:51  Pylon  
  21  1:58  Probe  
  22  2:07  Adept (Chrono Boost)  
  22  2:10  Probe  
  25  2:22  Probe  
  26  2:23  Stargate  
  26  2:26  Adept (Chrono Boost)  
  28  2:35  Probe  
  28  2:36  Probe  
  30  2:40  Warp Gate  
  30  2:44  Adept  
  30  2:48  Probe  
  33  2:53  Gateway  
  33  2:56  Probe  
  34  3:00  Probe  
  35  3:08  Probe  
  35  3:11  Adept  
  35  3:12  Probe  
  39  3:21  Probe  
  39  3:24  Probe  
  39  3:26  Oracle (Chrono Boost)  
  41  3:32  Pylon  
  41  3:33  Probe  
  45  3:36  Probe  
  46  3:42  Shield Battery  
  46  3:50  Probe x2 (Chrono Boost)  
  46  3:52  Twilight Council  
  46  3:53  Phoenix (Chrono Boost)  
  50  3:58  Pylon  
  50  4:02  Probe (Chrono Boost), Assimilator  
  52  4:08  Probe (Chrono Boost)  
  52  4:10  Gateway  
  52  4:12  Probe (Chrono Boost)  
  52  4:15  Probe (Chrono Boost)  
  54  4:18  Probe  
  55  4:27  Probe, Assimilator  
  55  4:28  Charge  
  55  4:30  Probe, Robotics Facility  
  57  4:39  Probe  
  57  4:42  Probe  
  59  4:45  Gateway  
  59  4:46  Gateway  
  59  4:53  Shield Battery  
  59  4:56  Stalker  
  61  5:10  Zealot  
  61  5:11  Zealot  
  55  5:16  Zealot  
  55  5:19  Probe  
  49  5:31  Adept  
  49  5:32  Adept  
  43  5:36  Probe x2  
  43  5:37  Zealot  
  43  5:40  Zealot  
  43  5:41  Zealot  
  44  5:50  Shield Battery, Zealot  
  44  5:52  Zealot  
  41  5:58  Zealot  
  41  6:01  Zealot x2  
  41  6:03  Probe x2  
  41  6:04  Zealot  
  39  6:13  Zealot  
  39  6:17  Probe  
  40  6:19  Zealot  
  40  6:24  Zealot  
  41  6:25  Zealot  
  41  6:28  Zealot  
  39  6:33  Probe (Chrono Boost)  
  39  6:35  Zealot  
  39  6:39  Probe (Chrono Boost)  
  41  6:42  Assimilator  
  41  6:45  Probe (Chrono Boost)  
  42  6:50  Templar Archives  
  43  6:55  Probe (Chrono Boost)  
  43  6:56  Probe (Chrono Boost)  
  44  7:03  Probe (Chrono Boost)  
  44  7:06  Probe (Chrono Boost), Robotics Facility  
  46  7:09  Probe (Chrono Boost)  
  46  7:14  Probe (Chrono Boost)  
  48  7:19  Pylon  
  49  7:26  Probe x2 (Chrono Boost)  
  50  7:32  Probe (Chrono Boost)  
  50  7:33  Probe (Chrono Boost)  
  52  7:41  High Templar x3, Pylon  
  58  7:47  Pylon  
  58  7:48  High Templar  
  60  7:54  Probe  
  62  8:01  Zealot  
Show
View Real Time Build Order
Export as new Build Order

SouLeer Zerg - Winner!

Build Orders: Hatch First 

Get SALT Encoding   

  12  0:00  Drone  
  13  0:12  Overlord  
  13  0:17  Drone  
  14  0:32  Drone x2  
  16  0:37  Drone  
  17  0:53  Hatchery  
  17  0:55  Drone  
  17  0:58  Drone  
  18  1:09  Extractor  
  17  1:13  Spawning Pool  
  17  1:16  Drone  
  17  1:22  Drone  
  18  1:29  Drone  
  19  1:39  Overlord  
  19  1:52  Drone  
  20  2:00  Zergling x2, Queen  
  23  2:04  Queen  
  23  2:05  Zergling x2  
  26  2:11  Metabolic Boost  
  26  2:13  Drone  
  27  2:16  Drone  
  27  2:22  Drone  
  29  2:27  Drone  
  30  2:33  Drone  
  31  2:37  Drone  
  32  2:46  Hatchery  
  31  2:53  Lair  
  31  2:58  Zergling x2  
  32  2:59  Drone  
  32  3:01  Drone  
  32  3:02  Extractor  
  32  3:05  Drone  
  34  3:06  Drone  
  34  3:09  Zergling x2  
  36  3:14  Overlord  
  35  3:22  Drone  
  34  3:28  Drone  
  34  3:32  Queen  
  34  3:34  Drone x3  
  40  3:38  Zergling x2  
  40  3:39  Zergling x2  
  42  3:42  Spore Crawler  
  42  3:45  Zergling x2  
  42  3:53  Baneling Nest  
  42  3:55  Nydus Network, Zergling x2  
  41  3:59  Zergling x4  
  44  4:07  Spore Crawler  
  44  4:08  Queen  
  45  4:11  Zergling x2  
  45  4:16  Zergling x6  
  47  4:19  Zergling x2  
  48  4:25  Zergling x4  
  48  4:28  Overlord  
  50  4:33  Overlord  
  50  4:44  Nydus Canal  
  50  4:50  Queen  
  52  4:55  Zergling x6  
  52  4:56  Zergling x6  
  57  5:10  Zergling x4  
  57  5:18  Zergling x2  
  57  5:20  Zergling x4  
  57  5:25  Zergling x4  
  57  5:27  Zergling x2  
  57  5:30  Zergling x2  
  49  5:57  Zergling x2  
  49  6:01  Zergling x4  
  49  6:03  Zergling x2  
  49  6:06  Zergling x2  
  49  6:07  Overlord x2  
  49  6:09  Queen  
  49  6:11  Hydralisk Den, Queen  
  45  6:32  Queen  
  41  6:41  Hydralisk x2  
  41  6:42  Hydralisk x7  
  59  6:49  Muscular Augments  
  59  6:53  Hydralisk  
  61  6:55  Overseer  
  61  6:57  Hydralisk  
  63  7:01  Hydralisk  
  65  7:10  Overlord  
  65  7:20  Overlord  
  65  7:23  Zergling x2  
  65  7:28  Zergling x6  
  65  7:29  Zergling x6  
  72  7:31  Zergling x2  
  72  7:34  Zergling x2  
  74  7:37  Overlord  
  74  7:40  Zergling x2  
  74  7:43  Zergling x2  
  76  7:47  Zergling x4  
  78  7:52  Nydus Canal  
  78  7:55  Zergling x2  
  78  7:56  Zergling x2  
Tags
 
Add a new tag
Caveats
  • Supply blocks, unpowered buildings, or Contaminate may cause inaccurate times.
  • Supply counts are checked every 10 seconds.